 Dungeon Crawl Stone Soup version 0.30-a0-451-ge042605de7 (webtiles) character file.

Game seed: 10734275517020425031

82 ryw the Ducker (level 4, -3/31 HPs)
             Began as a Djinni Fire Elementalist on Dec 12, 2022.
             Slain by a gnoll
             ... wielding a +0 flail
              (11 damage)
             ... on level 3 of the Dungeon.
             The game lasted 00:05:18 (2376 turns).

ryw the Ducker (Djinni Fire Elementalist)           Turns: 2376, Time: 00:05:19

Health: -3/31      AC:  2    Str:  7    XL:     4   Next: 70%
Gold:   171        EV: 13    Int: 19    God:
                   SH:  0    Dex: 13

rFire   + . .      SeeInvis .    (no weapon)
rCold   . . .      Faith    .    (no shield)
rNeg    . . .      Spirit   .    a - +0 robe
rPois   ∞          Reflect  .    (no helmet)
rElec   .          Harm     .    (no cloak)
rCorr   .          Rampage  .    (no gloves)
Will    .....                    (boots unavailable)
Stlth   ++........               (no amulet)
HPRegen 0.25/turn                d - ring of ice
MPRegen 0.00/turn                (no ring)

@: flying, very slightly contaminated
A: sickness immunity, fire resistance 2, cold vulnerability 1, float, innate
caster, HP casting, extra vitality 1
a: no special abilities


You were on level 3 of the Dungeon.
You visited 1 branch of the dungeon, and saw 3 of its levels.

You collected 171 gold pieces.

Inventory:

Armour
 a - a +0 robe (worn)
Jewellery
 d - a ring of ice (left hand)
 m - an amulet of the acrobat
Scrolls
 b - a scroll of vulnerability {unknown}
 f - a scroll of summoning {unknown}
 h - a scroll of teleportation {unknown}
 k - a scroll of immolation {unknown}
Potions
 c - 2 potions of might
 e - a potion of curing {unknown}
 g - a potion of attraction {unknown}
 i - 2 potions of flight {unknown}
 j - a potion of lignification
 l - 2 potions of cancellation {unknown}


   Skills:
 + Level 3.3 Dodging
 + Level 2.6 Stealth
 + Level 3.0 Spellcasting


You couldn't memorise any spells.
You knew the following spells:

 Your Spells              Type           Power      Damage    Failure   Level
a - Scorch                Fire           28%        2d6       7%          2
b - Foxfire               Conj/Fire      56%        2x1d6     4%          1
c - Kindle Blastsparks    Fire/Tloc/Air  28%        2d12      13%         3
d - Inner Flame           Hex/Fire       14%        N/A       13%         3
e - Flame Wave            Conj/Fire      14%        2d6       41%         4
f - Slow                  Hex            56%        N/A       4%          1
Your spell library was empty.

Dungeon Overview and Level Annotations

Branches:
Dungeon (3/15)

Altars:


Innate Abilities, Weirdness & Mutations

You are immune to sickness and miasma.
You are immune to poison.
Your flesh is very heat resistant. (rF++)
You are vulnerable to cold. (rC-)
You float through the air rather than walking.
You learn spells naturally, not from books.
Your magical power is your life essence.
You have superior vitality. (+4 MHP)


Message History

Nothing appears to happen.
Casting: Scorch (safe; 7% risk of failure)
Confirm with . or Enter, or press ? or * to list all spells.
You conjure some foxfire!
The foxfire hits the gnoll.
The gnoll is moderately wounded.
The foxfire hits the gnoll.
The gnoll is heavily wounded.
Casting: Foxfire (safe; 4% risk of failure)
Confirm with . or Enter, or press ? or * to list all spells.
You miscast Scorch.
You are very lightly contaminated with residual magic.
Nothing appears to happen.
The gnoll hits you from afar with a +0 spear.
Casting: Scorch (safe; 7% risk of failure)
Confirm with . or Enter, or press ? or * to list all spells.
You conjure some foxfire!
The gnoll closely misses you.
The foxfire hits the gnoll.
The gnoll is almost dead.
The foxfire hits the gnoll.
You kill the gnoll! 2 gnolls come into view.
The gnoll shouts! x2
Things that are here:
a +0 spear; a gnoll corpse
Casting: Foxfire (safe; 4% risk of failure)
Confirm with . or Enter, or press ? or * to list all spells.
You miscast Scorch.
Nothing appears to happen.
Casting: Scorch (safe; 7% risk of failure)
Confirm with . or Enter, or press ? or * to list all spells.
Flames lash the gnoll.
The gnoll is heavily wounded.
The gnoll's fire resistance burns away.
The gnoll closely misses you.
Casting: Scorch (safe; 7% risk of failure)
Confirm with . or Enter, or press ? or * to list all spells.
You conjure some foxfire!
The gnoll hits you with a +0 flail!
* * * LOW HITPOINT WARNING * * *
The gnoll hits you with a +0 flail!
You die...

.# #.# ## #.# #.# #.# ..# #.#
.. ##.## # #.##...## ...
#..#.#gvv..##... #.#
#....)g@......# #.#
#.##.###.###### #.# #. #.# #
#.# #. #.# .# # #.# .. ##'## .#
# #.# ####...## ###.# # #.###
##.....## ##.#.# # #.#.##
##.......## #...>#
#####....####.........####...##


You could see 2 gnolls.

Vanquished Creatures
  A gnoll (D:3)
  An adder (D:2)
  2 worms (D:2)
  3 dart slugs
  6 bats
  2 endoplasms (D:3)
  4 giant cockroaches
  3 hobgoblins
  10 jackals
  3 quokkas
  3 ball pythons
  2 goblins
  3 kobolds
  5 rats
48 creatures vanquished.

Vanquished Creatures (others)
  83 foxfires
83 creatures vanquished.

Grand Total: 131 creatures vanquished

Notes
Turn   | Place    | Note
-------+----------+-------------------------------------------
     0 | D:1      | ryw the Djinni Fire Elementalist began the quest for the
                  | Orb.
     0 | D:1      | ryw set off with the following spells memorised: Foxfire,
                  | Scorch, Kindle Blastsparks, Inner Flame, Flame Wave.
     0 | D:1      | Reached XP level 1. HP: 15/15 MP: 0/0
   139 | D:1      | Reached XP level 2. HP: 20/21 MP: 0/0
   898 | D:2      | Reached XP level 3. HP: 23/25 MP: 0/0
   898 | D:2      | Learned a level 1 spell: Slow
  1317 | D:2      | Reached XP level 4. HP: 22/31 MP: 0/0
  2376 | D:3      | Slain by a gnoll

Illustrated notes

Levels and vault maps discovered:
D:1:      dpeg_arrival_orchard, layout_rooms, roderic_lattice_a, minivault_14,
          minmay_misc_feat_doors
D:2:      layout_loops_cross, minmay_fractal_squares_5
D:3:      layout_loops_corners

Skill      XL: |  1  2  3  4 |
---------------+-------------+-----
Stealth        | 2 |  2.6
Dodging        | 3 |  3.3
Spellcasting   | 3 |  3.0

Action                   |  1- 3 |  4- 6 || total
-------------------------+-------+-------++-------
Melee: Unarmed           |     1 |     1 ||     2
 Cast: Foxfire           |    33 |    22 ||    55
       Scorch            |    19 |    16 ||    35
  Use: Scroll            |       |     2 ||     2
Armor: Robe              |    10 |     7 ||    17
Dodge: Dodged            |    26 |    21 ||    47

Table legend: (Time is in decaauts)
 A = Elapsed time spent in this place.
 B = Non-inter-level travel time spent in this place.
 C = Inter-level travel time spent in this place.
 D = Time resting spent in this place.
 E = Time spent auto-exploring this place.
 F = Levels seen in this place.
 G = Mean time per level.
                   A        B        C        D        E       F      G
               +--------+--------+--------+--------+--------+-----+--------+
         Total |   2374 |   2315 |     59 |     49 |   1908 |   3 |  791.3 |
       Dungeon |   2374 |   2315 |     59 |     49 |   1908 |   3 |  791.3 |
               +--------+--------+--------+--------+--------+-----+--------+

Top non-repeatable levels by time:
     D:2: 922 daAuts
     D:1: 896 daAuts
     D:3: 556 daAuts
